 Dungeon Crawl Stone Soup version 0.30-a0-341-g682706514a (webtiles) character file.

Game seed: 544481475698535173

1341 Lanoc the Stinger (level 8, 0/55 (58) HPs)
             Began as a Demonspawn Venom Mage on Nov 4, 2022.
             Was a Believer of Fedhas.
             Slain by a wight
             ... wielding a +2 falchion
              (2 damage)
             ... on level 6 of the Dungeon.
             The game lasted 00:13:35 (6789 turns).

Lanoc the Stinger (Demonspawn Venom Mage)           Turns: 6789, Time: 00:13:35

HP:   0/55 (58)     AC:  5    Str: 14    XL:     8   Next: 35%
MP:   11/11         EV: 14    Int: 19    God:    Fedhas [**....]
Gold: 370           SH:  0    Dex: 14    Spells: 6/11 levels left

rFire   + + .      SeeInvis .    n - +7 great mace "Firestarter" {inner flame, rF++}
rCold   . . .      Faith    .    (shield currently unavailable)
rNeg    + . .      Spirit   .    t - +2 robe {rN+}
rPois   .          Reflect  .    k - +0 helmet
rElec   .          Harm     .    (no cloak)
rCorr   .          Rampage  .    (no gloves)
Will    .....                    (no boots)
Stlth   ++........               (no amulet)
HPRegen 0.29/turn                r - +6 ring of strength
MPRegen 0.12/turn                (no ring)

@: drained
A: claws 2, ignite blood 1, demonic magic 2
a: Renounce Religion, Wall of Briars


You were on level 6 of the Dungeon.
You worshipped Fedhas.
Fedhas was pleased with you.
You visited 1 branch of the dungeon, and saw 7 of its levels.
You also visited: Ossuary.

You collected 370 gold pieces.

Inventory:

Hand Weapons
 g - a +5 whip of electrocution
 n - the +7 great mace "Firestarter" (weapon) {inner flame, rF++}
   (You acquired it on level 4 of the Dungeon)

   It burns those it strikes, dealing additional fire damage.
   It fills those it strikes with an explosive inner flame.
   It grants immunity to clouds of flame.
   rF:        It greatly protects you from fire.
Armour
 k - a +0 helmet (worn)
 t - a +2 robe of positive energy (worn)
Jewellery
 r - a +6 ring of strength (left claw)
Wands
 m - a wand of charming (6)
 C - a wand of flame (10)
Scrolls
 h - 4 scrolls of amnesia
 i - 4 scrolls of blinking
 o - a scroll of fear
 s - a scroll of immolation
 v - a scroll of magic mapping
 y - a scroll of poison
 A - 2 scrolls of teleportation {unknown}
 B - 2 scrolls of enchant weapon
 D - a scroll of enchant armour {unknown}
Potions
 a - 2 potions of curing {unknown}
 b - 2 potions of magic
 c - a potion of invisibility
 d - a potion of might
 e - 2 potions of flight {unknown}
 f - a potion of lignification {unknown}
 j - a potion of brilliance {unknown}
 l - 4 potions of attraction {unknown}
 p - 4 potions of mutation {unknown}
 q - a potion of ambrosia
 x - 2 potions of haste {unknown}
 z - a potion of berserk rage


   Skills:
 + Level 3.4 Fighting
 * Level 4.6 Maces & Flails
 + Level 5.0 Dodging
 - Level 1.7 Stealth
 - Level 2.0 Spellcasting
 - Level 0.8 Transmutations
 - Level 6.7 Poison Magic


You had 6 spell levels left.
You knew the following spells:

 Your Spells              Type           Power      Damage    Failure   Level
a - Sting                 Tmut/Pois      64%        1d6       3%          1
b - Olgreb's Toxic Radia  Pois           27%        N/A       11%         4

Your spell library contained the following spells:

 Spells                   Type           Power      Damage    Failure   Level
 Poisonous Vapours        Pois/Air       28%        N/A       6%          2
 Spider Form              Tmut/Pois      16%        N/A       11%         3
 Beastly Appendage        Tmut           10%        N/A       12%         1
 Wereblood                Tmut           5%         N/A       19%         2
 Mephitic Cloud           Conj/Pois/Air  10%        N/A       21%         3
 Blink                    Tloc           2%         N/A       26%         2
 Momentum Strike          Conj/Tloc      2%         3d8       26%         2
 Lesser Beckoning         Tloc           2%         N/A       45%         3
 Blade Hands              Tmut           2%         N/A       97%         5
 Irradiate                Conj/Tmut      1%         3d12      98%         5
 Dragon Form              Tmut           2%         N/A       100%        7


Dungeon Overview and Level Annotations

Branches:
Dungeon (7/15)             Temple (0/1) D:4         Ossuary (visited)

Altars:
Ashenzari
Fedhas
Gozag
Kikubaaqudgha
Uskayaw
Xom
Yredelemnul

Annotations:
D:5 1 runed translucent door


Innate Abilities, Weirdness & Mutations

You have very sharp fingernails.
Your demonic aura sometimes causes spilled blood to erupt in flames.
Spells you cast may paralyse nearby enemies.


Message History

The steam dragon breathes steam at you. The ball of steam hits you. You resist.
You sock the steam dragon! You burn the steam dragon.
The steam dragon is filled with an inner flame.
The steam dragon is severely wounded.
The steam dragon is engulfed in blazing flames.
Flame seeps out of the steam dragon.
The steam dragon completely misses you. The steam dragon closely misses you.
You thump the steam dragon! You burn the steam dragon.
Fedhas appreciates your contribution to the ecosystem.
The steam dragon explodes!
The fiery explosion engulfs you. You resist.
* * * LOW HITPOINT WARNING * * *
You hear a loud, deep croak!
You hear a bellow!
Your Dodging skill increases to level 5!
A necrophage comes into view.
A wight comes into view. It is wielding a +0 scimitar.
A wight comes into view. It is wielding a +0 short sword.
The wight moves out of view.
An ice beast comes into view.
A wight comes into view. It is wielding a +0 hand axe.
You see here a scroll labelled VELOWI FOR ALOM.
Things that are here:
a +3 great sword; a +0 robe
There is a stone staircase leading up here.
You climb upwards.
The wight misses you.
There is a stone staircase leading down here.
You hit the wight. You burn the wight.
The wight is filled with an inner flame.
The wight is moderately damaged.
The wight closely misses you.
The wight hits you from afar with a +3 halberd!
* * * LOW HITPOINT WARNING * * *
You partially resist.
You feel drained.
* * * LOW HITPOINT WARNING * * *
The wight hits you with a +2 falchion!
* * * LOW HITPOINT WARNING * * *
You partially resist.
You feel drained.
You die...
Fedhas appreciates your contribution to the ecosystem.

....#.# #.#..#####...# #...# ####
......###........##.## #...###...
#.(.......###.##.##.# ##.......##
'.........# #.##.##.###.....####
#.........# #.##.##.#......##
#.........###.##.##........######
#.........#....#.#..[............
#.........#....#z#z##.†..########
#.........#.....@..##....#
+.........#...#######....#
#.........#...# #....# #####
#....# #....# #....# ...........#
...........# .$.......###


You could see 2 wights.

Vanquished Creatures
  A steam dragon (D:7)
  A black bear (D:6)
  A phantom (D:5)
  Blork the orc (D:4)
  A bullfrog (D:6)
  2 scorpions
  4 water moccasin zombies (Ossuary)
  A wight (D:7)
  A jelly (D:6)
  2 hounds (D:5)
  2 orc priests (D:3)
  Ijyb (D:4)
  An iguana (D:6)
  An orc wizard (D:5)
  3 mummies
  Robin (D:2)
  4 gnolls (D:3)
  7 adders
  A shadow imp (D:6)
  An ufetubus (D:4)
  2 adder zombies (Ossuary)
  2 dart slugs
  13 orcs
  12 ball pythons
  7 endoplasms
  2 giant cockroaches
  19 goblins
  11 hobgoblins
  2 jackals (D:1)
  4 quokkas
  3 bats
  4 frilled lizards
  A gnoll zombie (Ossuary)
  A goblin zombie (D:5)
  4 hobgoblin zombies (Ossuary)
  8 kobolds
  4 kobold zombies (Ossuary)
  4 orc zombies
  4 rats (D:1)
144 creatures vanquished.

Vanquished Creatures (others)
  A plant (D:3)
  A withered plant (D:3)
2 creatures vanquished.

Grand Total: 146 creatures vanquished

Notes
Turn   | Place    | Note
-------+----------+-------------------------------------------
     0 | D:1      | Lanoc the Demonspawn Venom Mage began the quest for the
                  | Orb.
     0 | D:1      | Reached XP level 1. HP: 13/13 MP: 3/3
   201 | D:1      | Gained mutation: You have sharp fingernails. [demonic
                  | ancestry]
   201 | D:1      | Reached XP level 2. HP: 14/19 MP: 0/5
   836 | D:1      | Reached XP level 3. HP: 24/24 MP: 3/6
  1049 | D:1      | Reached skill level 4 in Poison Magic
  1613 | D:2      | Noticed Robin
  1714 | D:2      | Gained mutation: Spells you cast may paralyse adjacent
                  | enemies. [demonic ancestry]
  1714 | D:2      | Reached XP level 4. HP: 12/30 MP: 4/7
  1716 | D:2      | Killed Robin
  2482 | D:3      | Found a blossoming altar of Fedhas.
  2483 | D:3      | Found an ancient bone altar of Kikubaaqudgha.
  2498 | D:3      | Became a worshipper of Fedhas Madash
  2844 | D:3      | Learned a level 4 spell: Olgreb's Toxic Radiance
  2975 | D:3      | Reached skill level 5 in Poison Magic
  2975 | D:3      | Reached XP level 5. HP: 34/35 MP: 2/8
  3689 | D:3      | Reached * piety under Fedhas
  4139 | D:4      | Noticed Ijyb
  4161 | D:4      | Killed Ijyb
  4162 | D:4      | Gained mutation: Spells you cast may paralyse nearby
                  | enemies. [demonic ancestry]
  4162 | D:4      | Reached XP level 6. HP: 38/41 MP: 4/9
  4176 | D:4      | Identified a scroll of acquirement
  4176 | D:4      | Acquired the +7 great mace "Firestarter" {inner flame,
                  | rF++}
  4176 | D:4      | Found the +7 great mace "Firestarter" {inner flame, rF++}
  4275 | D:4      | Found a staircase to the Ecumenical Temple.
  4333 | D:4      | Noticed a +0 dagger
  4333 | D:4      | Noticed a +0 dagger
  4334 | D:4      | Found a hide-covered altar of Uskayaw.
  4344 | D:4      | Noticed Blork the orc
  4356 | D:4      | Killed Blork the orc
  4357 | D:4      | Reached skill level 1 in Maces & Flails
  4357 | D:4      | Reached skill level 6 in Poison Magic
  4597 | D:4      | Reached skill level 1 in Fighting
  4602 | D:4      | Found a sand-covered staircase.
  4616 | Ossuary  | Entered an ossuary
  4646 | Ossuary  | Gained mutation: You have very sharp fingernails. [demonic
                  | ancestry]
  4646 | Ossuary  | Reached XP level 7. HP: 30/48 MP: 10/10
  4721 | Ossuary  | Reached ** piety under Fedhas
  5122 | D:4      | You fall into a shaft and drop 1 floor!
  5122 | D:5      | Entered Level 5 of the Dungeon
  5169 | D:5      | Found an opulent altar of Gozag.
  5232 | D:5      | Found a shimmering altar of Xom.
  5753 | D:5      | Found a broken altar of Ashenzari.
  6089 | D:5      | Found a runed translucent door.
  6089 | D:5      | Noticed a human
  6097 | D:5      | Found a basalt altar of Yredelemnul.
  6408 | D:6      | Gained mutation: Your demonic aura sometimes causes spilled
                  | blood to erupt in flames. [demonic ancestry]
  6408 | D:6      | Reached XP level 8. HP: 55/57 MP: 11/11
  6771 | D:7      | Reached skill level 5 in Dodging
  6789 | D:6      | HP: 2/57 [wight/+2 falchion (12)]
  6789 | D:6      | Slain by a wight

Illustrated notes

Levels and vault maps discovered:
D:1:      minmay_arrival_three_doors, layout_basic
D:2:      layout_basic, uniq_robin
D:3:      layout_basic, grunt_temple_overflow_growth_and_decay,
          kennysheep_big_empty_room
D:4:      layout_loops_ring, dancing_weapons_uskayaw, trog_wizard,
          minmay_temple_entry_glass, nicolae_ossuary_entry_giza,
          uniq_blork_the_orc, uniq_edmund, uniq_ijyb
D:5:      layout_basic, dk_yredelemnul_ordeal,
          nicolae_gozag_cash_rules_everything_around_me, lemuel_round_altar,
          cheibrodos_ashenzari_chains, serial_co_window_serial,
          co_window_corner_a, co_window_paths_a, co_window_paths_a,
          co_window_of_opportunity_a, co_window_corner_a,
          co_window_of_opportunity_b, co_window_2corner, co_window_cross_3,
          co_window_unsneaky_path_a, co_window_paths_e, co_window_4corner_b,
          glass_columns_c, glass_columns_a, glass_columns_c, grunt_ministairs_1
D:6:      layout_basic
D:7:      layout_rooms, grunt_dithmenos_shadows, serial_shops,
          nicolae_shop_hallway_plus

Skill      XL: |  1  2  3  4  5  6  7  8 |
---------------+-------------------------+-----
Dodging        | 2 3 4 5 |  5.0
Poison Magic   | 4 5 6 |  6.7
Maces & Flails | 2 3 4 |  4.6
Fighting       | 1 2 3 |  3.4
Stealth        | |  1.7
Spellcasting   | |  2.0
Transmutations | |  0.8

Action                   |  1- 3 |  4- 6 |  7- 9 || total
-------------------------+-------+-------+-------++-------
Melee: Unarmed           |    17 |       |       ||    17
       Whip              |    24 |    42 |       ||    66
       Great mace        |       |    41 |    54 ||    95
 Cast: Sting             |    75 |    36 |       ||   111
       Olgreb's Toxic Ra |       |     9 |     1 ||    10
  Use: Scroll            |       |    10 |     4 ||    14
 Stab: Paralysed         |       |    11 |       ||    11
       Sleeping          |       |     1 |     1 ||     2
Armor: Robe              |    18 |     6 |    14 ||    38
       Animal skin       |       |    11 |       ||    11
Dodge: Dodged            |    56 |    77 |    33 ||   166

Table legend: (Time is in decaauts)
 A = Elapsed time spent in this place.
 B = Non-inter-level travel time spent in this place.
 C = Inter-level travel time spent in this place.
 D = Time resting spent in this place.
 E = Time spent auto-exploring this place.
 F = Levels seen in this place.
 G = Mean time per level.
                   A        B        C        D        E       F      G
               +--------+--------+--------+--------+--------+-----+--------+
         Total |   6851 |   6474 |    377 |     82 |   5332 |   8 |  856.4 |
       Dungeon |   6389 |   6012 |    377 |     12 |   5029 |   7 |  912.7 |
       Ossuary |    462 |    462 |      0 |     70 |    303 |   1 |  462.0 |
               +--------+--------+--------+--------+--------+-----+--------+

Top non-repeatable levels by time:
     D:3: 1655 daAuts
     D:1: 1275 daAuts
     D:2: 1207 daAuts
     D:5: 1156 daAuts
     D:4: 567 daAuts
     D:6: 489 daAuts
 Ossuary: 462 daAuts
     D:7: 37 daAuts
